 Dungeon Crawl Stone Soup version 0.31-a0-198-g2ad674f65e (webtiles) character file.

Game seed: 11133989068566088330

179 qw the Skirmisher (level 5, -6/29 HPs)
             Began as a Deep Elf Hunter on June 25, 2023.
             Mangled by a gnoll
             ... wielding a +0 halberd
              (12 damage)
             ... on level 3 of the Dungeon.
             The game lasted 00:00:54 (2670 turns).

qw the Skirmisher (Deep Elf Hunter)                 Turns: 2670, Time: 00:00:55

Health: -6/29      AC:  5    Str: 10    XL:     5   Next: 33%
Magic:  7/7        EV: 11    Int: 14    God:
Gold:   230        SH:  0    Dex: 18    Spells: 4/4 levels left

rFire   . . .        Y - +0 shortbow
rCold   . . .        (shield currently unavailable)
rNeg    . . .        e - +0 ring mail
rPois   .            (no helmet)
rElec   .            (no cloak)
rCorr   .            (no gloves)
SInv    .            (no boots)
Will    .....        (no amulet)
Stlth   +            (no ring)
HPRegen 0.24/turn    (no ring)
MPRegen 0.10/turn

%: no passive effects
@: about to teleport
A: no striking features
a: no special abilities


You were on level 3 of the Dungeon.
You visited 1 branch of the dungeon, and saw 3 of its levels.

You collected 230 gold pieces.


   Skills:
 - Level 1.5 Fighting
 + Level 8.8 Ranged Weapons
 - Level 2.4 Dodging
 - Level 1.2 Stealth


You had 4 spell levels left.
You didn't know any spells.
Your spell library was empty.

Inventory:

Hand Weapons
 Y - a +0 shortbow (weapon)
Armour
 e - a +0 ring mail (worn)
Jewellery
 j - an amulet of guardian spirit
Scrolls
 a - a scroll of teleportation
 f - a scroll of identify
 k - a scroll of acquirement {unknown}
 l - a scroll of fear {unknown}
Potions
 b - a potion of degeneration {unknown}
 c - a potion of lignification {unknown}
 d - 2 potions of heal wounds
 g - a potion of might
 h - a potion of brilliance {unknown}
 i - a potion of curing {unknown}

Dungeon Overview and Level Annotations

Branches:
Dungeon (3/15)

Altars:
Fedhas
Kikubaaqudgha


Message History

You shoot an arrow. The arrow hits the gnoll.
The gnoll is lightly wounded.
A gnoll comes into view. It is wielding a +0 halberd.
The gnoll closely misses you.
2659 ||| Stepping ~*~*~tactically~*~*~ (outnumbered).
You shoot an arrow. The arrow hits the gnoll.
The gnoll is moderately wounded.
The gnoll closely misses you.
You shoot an arrow. The arrow hits the gnoll.
The gnoll is heavily wounded.
The gnoll barely misses you.
You shoot an arrow. The arrow hits the gnoll.
You kill the gnoll!
You shoot an arrow. The arrow hits the gnoll!
The gnoll is heavily wounded.
You shoot an arrow. The arrow barely misses the gnoll.
A gnoll comes into view. It is wielding a +0 flail.
The gnoll hits you with a +0 whip. The gnoll misses you.
You shoot an arrow. The arrow hits the gnoll.
You kill the gnoll!
You shoot an arrow.
The arrow hits the gnoll but does no damage.
The gnoll closely misses you.
The gnoll hits you from afar with a +0 halberd!
You shoot an arrow. The arrow hits the gnoll!
The gnoll is severely wounded.
The gnoll hits you with a +0 flail. The gnoll barely misses you.
You shoot an arrow.
The arrow hits the gnoll but does no damage.
The gnoll is severely wounded.
The gnoll misses you.
The gnoll hits you from afar with a +0 halberd.
You shoot an arrow. The arrow barely misses the gnoll.
The gnoll hits you with a +0 flail. The gnoll closely misses you.
2670 ||| READING 2 scrolls of teleportation.
As you read the scroll of teleportation, it crumbles to dust.
You feel strangely unstable. The gnoll hits you but does no damage.
The gnoll hits you from afar with a +0 halberd!
You die...

# # #g##### .# #.
#g.g..##.# #. #g....#
#. #######@....#
#.####...........# #
#.#..............# #
#................# #
#................# #
#.....##.##......#
#####.)#####.##......#
#......# #.####'##.#
#.##...#####.####.##.#


You could see 2 gnolls.

Vanquished Creatures
  A scorpion (D:3)
  3 adders
  2 gnolls (D:3)
  4 worms (D:2)
  2 bats
  11 endoplasms
  2 giant cockroaches (D:3)
  8 goblins
  7 hobgoblins
  3 jackals (D:1)
  3 quokkas
  2 ball pythons (D:3)
  2 frilled lizards
  4 kobolds
  9 rats
63 creatures vanquished.

Notes
Turn   | Place    | Note
-------+----------+-------------------------------------------
     0 | D:1      | qw the Deep Elf Hunter began the quest for the Orb.
     0 | D:1      | Reached XP level 1. HP: 12/12 MP: 3/3
     0 | D:1      | 0 ||| qw: Version: 0.3-a-22-g0ed2b0b
     0 | D:1      | 0 ||| qw: Game counter: 5063
     0 | D:1      | 0 ||| qw: Melee chars always use a shield: true
     0 | D:1      | 0 ||| qw: God list: Okawaru
     0 | D:1      | 0 ||| qw: Allow faded altars: false
     0 | D:1      | 0 ||| qw: Do Orc after clearing Dungeon:15 true
     0 | D:1      | 0 ||| qw: Do second Lair branch before Depths: true
     0 | D:1      | 0 ||| qw: Lair rune preference: random
     0 | D:1      | 0 ||| qw: Goals: Normal
     0 | D:1      | 0 ||| PLANNING D:1-11
   339 | D:1      | Reached XP level 2. HP: 16/16 MP: 4/4
   369 | D:1      | Reached skill level 6 in Ranged Weapons
   893 | D:1      | 893 ||| UPGRADING to +0 ring mail.
   903 | D:1      | 903 ||| DROPPING +0 leather armour.
   904 | D:1      | 904 ||| READING 2 scrolls labelled JUTYUN AT PODA.
   908 | D:1      | 908 ||| READING scroll labelled CYNWEDATIO.
   909 | D:1      | 909 ||| READING scroll labelled KAOM LOCIQ.
   910 | D:1      | 910 ||| DROPPING scroll of butterflies.
   912 | D:1      | 912 ||| Stepping ~*~*~tactically~*~*~ (cloud).
   917 | D:1      | HP: 4/16 [poisoned by you (poison gas)]
   991 | D:2      | Found a faded altar of an unknown god.
   993 | D:2      | 993 ||| STAIRDANCE
  1093 | D:2      | Reached XP level 3. HP: 20/20 MP: 5/5
  1120 | D:2      | 1120 ||| READING scroll labelled BIALEK TIMIUFF.
  1123 | D:2      | 1123 ||| FLEEEEING.
  1124 | D:2      | 1124 ||| FLEEEEING.
  1125 | D:2      | 1125 ||| FLEEEEING.
  1126 | D:2      | 1126 ||| FLEEEEING.
  1127 | D:2      | 1127 ||| FLEEEEING.
  1128 | D:2      | 1128 ||| FLEEEEING.
  1131 | D:2      | 1131 ||| FLEEEEING.
  1132 | D:2      | 1132 ||| FLEEEEING.
  1136 | D:2      | 1136 ||| FLEEEEING.
  1140 | D:2      | 1140 ||| FLEEEEING.
  1141 | D:2      | 1141 ||| FLEEEEING.
  1142 | D:2      | 1142 ||| FLEEEEING.
  1143 | D:2      | 1143 ||| FLEEEEING.
  1438 | D:2      | Reached skill level 7 in Ranged Weapons
  1914 | D:2      | Reached XP level 4. HP: 25/25 MP: 6/6
  2022 | D:2      | 2022 ||| READING scroll labelled JYGILU RATO.
  2023 | D:2      | 2023 ||| READING scroll labelled FEFUQE REOTH.
  2024 | D:2      | 2024 ||| DRINKING 2 orange potions.
  2025 | D:2      | 2025 ||| DRINKING 2 viscous green potions.
  2218 | D:3      | Found an ancient bone altar of Kikubaaqudgha.
  2226 | D:3      | Found a blossoming altar of Fedhas.
  2513 | D:3      | Noticed a scorpion
  2518 | D:3      | Killed a scorpion
  2519 | D:3      | Reached skill level 8 in Ranged Weapons
  2519 | D:3      | Reached XP level 5. HP: 14/29 MP: 7/7
  2659 | D:3      | 2659 ||| Stepping ~*~*~tactically~*~*~ (outnumbered).
  2669 | D:3      | HP: 6/29 [gnoll/+0 flail (3)]
  2670 | D:3      | 2670 ||| READING 2 scrolls of teleportation.
  2670 | D:3      | Mangled by a gnoll

Levels and vault maps discovered:
D:1:      nicolae_arrival_memento_mori, layout_loops_corners
D:2:      minmay_evil_eye, layout_loops_corners, ebering_ecumenical_altar_webs,
          hangedman_glass_teeth, minmay_misc_feat_room
D:3:      cheibrodos_old_hovel, layout_basic,
          grunt_temple_overflow_growth_and_decay,
          nemelex_xobeh_ov_fountains_minmay, hex_medium, corexii_corridor_pit,
          ebering_dispersal_statue_hall, nicolae_half_adder

Skill      XL: |  1  2  3  4 |
---------------+-------------+-----
Ranged Weapons | 6 7 8 |  8.8
Fighting       | |  1.5
Dodging        | |  2.4
Stealth        | |  1.2

Action                     |  1- 3 |  4- 6 || total
---------------------------+-------+-------++-------
   Fire: Shortbow          |   128 |    52 ||   180
    Use: Scroll            |     4 |     3 ||     7
         Potion            |       |     2 ||     2
 Armour: Leather armour    |     8 |       ||     8
         Ring mail         |     6 |     3 ||     9
  Dodge: Dodged            |    14 |    10 ||    24

Table legend:
 A = Non-vault XP
 B = Vault XP
 C = Vault XP percentage of total XP
 D = Non-vault monster count
 E = Vault monster count
 F = Vault count percentage of total count
                 A         B        C        D         E       F
            +---------+---------+-------+---------+---------+-------
      Total |     235 |      22 |   8.6 |      57 |       6 |   9.5
            +---------+---------+-------+---------+---------+-------
        D:1 |      33 |       0 |   0.0 |      20 |       0 |   0.0
        D:2 |      57 |       9 |  13.6 |      20 |       5 |  20.0
        D:3 |     145 |      13 |   8.2 |      17 |       1 |   5.6
            +---------+---------+-------+---------+---------+-------
